 Dungeon Crawl Stone Soup version 0.30-a0-779-g7971cf1 (webtiles) character file.

Game seed: 8006489486046092955

541 Illumine the Cudgeller (level 7, 0/44 HPs)
             Began as a Gargoyle Fighter on Feb 17, 2023.
             Slain by an ufetubus (3 damage)
             ... on level 5 of the Dungeon.
             The game lasted 00:05:29 (3939 turns).

Illumine the Cudgeller (Gargoyle Fighter)           Turns: 3939, Time: 00:05:29

Health: 0/44       AC: 14    Str: 22    XL:     7   Next: 26%
Magic:  7/7        EV:  9    Int:  8    God:
Gold:   167        SH:  4    Dex:  9    Spells: 6/6 levels left

rFire   . . .      SeeInvis .    B - +0 morningstar
rCold   . . .      Faith    .    c - +0 buckler
rNeg    + . .      Spirit   .    g - +0 scale mail
rPois   ∞          Reflect  .    (no helmet)
rElec   +          Harm     .    h - +0 cloak
rCorr   .          Rampage  .    d - +0 pair of gloves
Will    .....                    (no boots) Stlth
                                 (no amulet)
HPRegen 0.27/turn                (no ring)
MPRegen 0.10/turn                (no ring)

@: no status effects
A: sickness immunity, AC +4, negative energy resistance 1, electricity
resistance, torment resistance 1, petrification resistance
a: no special abilities


You were on level 5 of the Dungeon.
You visited 1 branch of the dungeon, and saw 5 of its levels.

You collected 167 gold pieces.

Inventory:

Hand Weapons
 a - a +0 flail
 b - a +0 sling
 B - a +0 morningstar (weapon)
Armour
 c - a +0 buckler (worn)
 d - a +0 pair of gloves (worn)
 g - a +0 scale mail (worn)
 h - a +0 cloak (worn)
Jewellery
 p - an amulet of faith
 y - a ring of fire
Scrolls
 e - 2 scrolls of vulnerability
 f - 3 scrolls of magic mapping
 j - a scroll of silence {unknown}
 l - a scroll of amnesia {unknown}
 m - 2 scrolls of brand weapon {unknown}
 o - a scroll of poison {unknown}
 r - a scroll of fear {unknown}
 w - a scroll of noise {unknown}
 A - a scroll of identify
Potions
 i - 2 potions of heal wounds {unknown}
 k - a potion of haste {unknown}
 n - 4 potions of curing
 q - a potion of lignification {unknown}
 s - 3 potions of cancellation
 t - 2 potions of degeneration {unknown}
 u - 2 potions of flight {unknown}
 v - 2 potions of berserk rage {unknown}
 x - a potion of magic {unknown}
 z - a potion of mutation {unknown}


   Skills:
 + Level 5.3 Fighting
 * Level 5.8 Maces & Flails
 + Level 4.3 Armour
 - Level 4.0 Shields


You had 6 spell levels left.
You didn't know any spells.
Your spell library contained the following spells:

 Spells                   Type           Power      Damage    Failure   Level
 Apportation              Tloc           0%         N/A       82%         1
 Necrotise                Necr           0%         1d4       82%         1
 Sting                    Tmut/Pois      0%         1d3       82%         1
 Summon Small Mammal      Summ           0%         N/A       82%         1
 Ensorcelled Hibernation  Hex/Ice        0%         N/A       91%         2
 Passwall                 Tmut/Erth      0%         N/A       91%         2
 Poisonous Vapours        Pois/Air       0%         N/A       91%         2
 Swiftness                Air            0%         N/A       99%         3
 Olgreb's Toxic Radiance  Pois           0%         N/A       100%        4


Dungeon Overview and Level Annotations

Branches:
Dungeon (5/15)
 Temple: D:4-7

Altars:
Elyvilon
Kikubaaqudgha
Zin

Annotations:
D:4 Grinder


Innate Abilities, Weirdness & Mutations

You are immune to sickness and miasma.
Your stone body is resilient. (AC +4)
You are immune to poison.
You resist negative energy. (rN+)
You are resistant to electric shocks. (rElec)
You are resistant to unholy torment.
You are immune to petrification.


Message History

You barely miss the white imp.
The white imp is severely wounded.
The white imp gestures at you. The puff of frost hits you!
* * * LOW HITPOINT WARNING * * *
You closely miss the white imp.
The white imp is severely wounded.
You block the white imp's attack.
You barely miss the white imp.
The white imp is severely wounded.
The white imp gestures at you. The puff of frost hits you.
* * * LOW HITPOINT WARNING * * *
You barely miss the white imp.
The white imp is severely wounded.
The white imp gestures at you. The puff of frost hits you.
* * * LOW HITPOINT WARNING * * *
You block the white imp's attack.
You closely miss the white imp.
The white imp is heavily wounded.
You block the white imp's attack.
You hit the white imp but do no damage.
The white imp is heavily wounded.
The white imp gestures at you. The puff of frost misses you.
You hit the white imp but do no damage.
The white imp is heavily wounded.
The white imp hits you but does no damage.
You barely miss the white imp.
The white imp is heavily wounded.
The white imp hits you but does no damage. x2
You puncture the white imp!
You kill the white imp!
The ufetubus barely misses you. The ufetubus hits you.
* * * LOW HITPOINT WARNING * * *
You closely miss the ufetubus.
The ufetubus hits you but does no damage. x4
You closely miss the ufetubus. The ufetubus hits you.
You die...

######.....##†..#
.......###..#...######.
#....................
#.######.#....######.
#.# #.#.##.## ###.###
#.#.##..# ......#
#.#.###.# ...<#.# #.#.#
#.# ...##.####.#.# #@#
...........#.# #5#
^......##### #5#
.......# #...(....#
.......# #...§..#>.#
###....# #5.§§..#+##
#....# #...§§...
#####'####.....:..
........##........


You could see 2 ufetubi.

Vanquished Creatures
  A water moccasin (D:2)
  A black bear (D:4)
  A phantom (D:3)
  A scorpion (D:5)
  A hound (D:4)
  An orc priest (D:3)
  3 adders
  2 white imps (D:5)
  2 worms
  3 dart slugs
  8 orcs
  4 ball pythons
  5 bats
  5 endoplasms
  3 giant cockroaches
  9 goblins
  6 hobgoblins
  4 jackals (D:1)
  4 quokkas
  4 frilled lizards
  12 kobolds
  7 rats
87 creatures vanquished.

Notes
Turn   | Place    | Note
-------+----------+-------------------------------------------
     0 | D:1      | Illumine the Gargoyle Fighter began the quest for the Orb.
     0 | D:1      | Reached XP level 1. HP: 14/14 MP: 1/1
    83 | D:1      | Reached XP level 2. HP: 14/19 MP: 2/2
   393 | D:1      | Reached XP level 3. HP: 13/23 MP: 3/3
   733 | D:1      | You fall into a shaft and drop 1 floor!
  1785 | D:2      | Reached XP level 4. HP: 29/29 MP: 4/4
  2501 | D:3      | Noticed a water moccasin
  2514 | D:2      | Killed a water moccasin
  2515 | D:2      | Reached XP level 5. HP: 19/34 MP: 5/5
  2621 | D:3      | Found an ancient bone altar of Kikubaaqudgha.
  2622 | D:3      | Noticed a phantom
  2642 | D:3      | Killed a phantom
  2643 | D:3      | Reached XP level 6. HP: 26/39 MP: 6/6
  2996 | D:3      | Reached skill level 5 in Maces & Flails
  3527 | D:4      | Found a glowing silver altar of Zin.
  3604 | D:4      | Found a white marble altar of Elyvilon.
  3680 | D:4      | Noticed a black bear
  3690 | D:4      | Killed a black bear
  3691 | D:4      | Reached skill level 5 in Fighting
  3691 | D:4      | Reached XP level 7. HP: 44/44 MP: 7/7
  3770 | D:4      | Noticed Grinder
  3816 | D:5      | Entered Level 5 of the Dungeon
  3932 | D:5      | HP: 1/44 [white imp/puff of frost (5)]
  3937 | D:5      | HP: 2/44 [ufetubus (1)]
  3939 | D:5      | Slain by an ufetubus

Illustrated notes

Levels and vault maps discovered:
D:1:      eino_arrival_water_star, layout_basic, serial_rivers,
          chequers_serial_rivers_room_b, chequers_serial_rivers_small_3,
          chequers_serial_rivers_small_3, chequers_serial_rivers_micro_b,
          chequers_big_river, corexii_hall_statues_l,
          chequers_serial_rivers_room_a
D:2:      layout_loops_corners, chequers_garden
D:3:      layout_basic, overflow_temple_1_default, st_stairs_11
D:4:      layout_basic, kennysheep_little_box, mainiacjoe_overflow_24_doors,
          minmay_misc_feat_tower, uniq_grinder
D:5:      minmay_clustersquares, layout_basic, minitemple,
          minmay_temple_entry_slanted, serial_demonic, serial_demonic_a,
          serial_demonic_a, serial_demonic_g, serial_demonic_a,
          item_on_display_a, uniq_menkaure

Skill      XL: |  1  2  3  4  5  6 |
---------------+-------------------+-----
Maces & Flails | 3 4 5 |  5.8
Shields        | 4 |  4.0
Fighting       | 4 5 |  5.3
Armour         | 4 |  4.3

Action                     |  1- 3 |  4- 6 |  7- 9 || total
---------------------------+-------+-------+-------++-------
  Melee: Flail             |   116 |   169 |    13 ||   298
         Morningstar       |       |       |    31 ||    31
   Fire: Sling             |    14 |       |       ||    14
    Use: Scroll            |       |     4 |       ||     4
         Potion            |       |     1 |       ||     1
 Armour: Scale mail        |    76 |    96 |    24 ||   196
  Dodge: Dodged            |    75 |    71 |    17 ||   163
  Block: Buckler           |    27 |    23 |    15 ||    65

Table legend: (Time is in decaauts)
 A = Elapsed time spent in this place.
 B = Non-inter-level travel time spent in this place.
 C = Inter-level travel time spent in this place.
 D = Time resting spent in this place.
 E = Time spent auto-exploring this place.
 F = Levels seen in this place.
 G = Mean time per level.
                   A        B        C        D        E       F      G
               +--------+--------+--------+--------+--------+-----+--------+
         Total |   4044 |   3861 |    183 |    219 |   2765 |   5 |  808.8 |
       Dungeon |   4044 |   3861 |    183 |    219 |   2765 |   5 |  808.8 |
               +--------+--------+--------+--------+--------+-----+--------+

Top non-repeatable levels by time:
     D:1: 1491 daAuts
     D:2: 1201 daAuts
     D:3: 808 daAuts
     D:4: 412 daAuts
     D:5: 130 daAuts
